Map: Neon Violet Square LE

Players

Honor - Winner!

  • Race: Protoss Protoss
  • League: Master
  • Spawn Location: 5:00

A.I. 1 (Elite)

  • Race: Protoss Protoss
  • Spawn Location: 11:00

VOD

https://www.youtube.com/watch?v=300v5mzSBPo

Description

Time

  • Played on: March 22, 2018, 8:39 a.m.
  • Length: 7:26
Show
View Real Time Build Order
Export as new Build Order

Honor Protoss - Winner!

Build Orders: 1 Gate Expand 

Get SALT Encoding   

  12  0:00  Probe  
  13  0:13  Probe  
  14  0:18  Pylon  
  14  0:25  Probe  
  15  0:37  Probe (Chrono Boost)  
  15  0:38  Gateway  
  16  0:48  Probe (Chrono Boost)  
  16  0:49  Assimilator  
  17  0:53  Probe (Chrono Boost)  
  18  1:03  Probe  
  19  1:22  Nexus  
  19  1:32  Cybernetics Core  
  19  1:35  Probe (Chrono Boost)  
  20  1:45  Probe (Chrono Boost)  
  21  1:47  Pylon  
  21  1:50  Probe (Chrono Boost)  
  22  1:55  Assimilator  
  22  2:02  Probe  
  22  2:05  Stalker (Chrono Boost)  
  23  2:14  Probe  
  26  2:28  Probe, Robotics Facility  
  27  2:36  Probe  
  28  2:40  Probe  
  29  2:50  Probe (Chrono Boost)  
  30  2:52  Probe (Chrono Boost)  
  30  2:53  Stalker  
  30  2:54  Warp Gate  
  33  3:04  Probe (Chrono Boost)  
  33  3:05  Probe (Chrono Boost)  
  35  3:08  Probe (Chrono Boost), Gateway  
  35  3:12  Probe  
  37  3:16  Observer (Chrono Boost)  
  38  3:20  Pylon  
  38  3:23  Probe  
  38  3:24  Probe  
  40  3:29  Immortal (Chrono Boost)  
  44  3:37  Probe x2  
  46  3:43  Sentry  
  46  3:45  Pylon  
  48  3:49  Probe  
  49  3:57  Immortal (Chrono Boost)  
  53  4:10  Gateway  
  53  4:11  Gateway  
  53  4:14  Gateway  
  53  4:18  Pylon  
  53  4:28  Immortal (Chrono Boost)  
  57  4:38  Gateway  
  57  4:45  Stalker x2  
  61  4:49  Pylon  
  61  4:54  Pylon  
  61  4:58  Warp Prism (Chrono Boost)  
  63  5:09  Stalker x2  
  63  5:13  Pylon  
  67  5:15  Pylon  
  67  5:18  Stalker x3  
  73  5:30  Pylon  
  73  5:33  Pylon  
  73  5:43  Adept x2  
  73  5:44  Adept x4  
  85  6:03  Adept  
  85  6:04  Adept x4  
  91  6:06  Zealot  
  89  6:19  Pylon  
  89  6:23  Pylon  
  89  6:24  Adept x2  
  89  6:25  Adept x2  
  97  6:32  Zealot  
  97  6:33  Zealot  
  99  6:52  Adept x4  
  99  6:53  Adept x2  
  111  7:15  Zealot x6  
Show
View Real Time Build Order
Export as new Build Order

A.I. 1 (Elite) Protoss 

Build Orders: Colossus Rush 

Get SALT Encoding   

  12  0:00  Probe  
  13  0:13  Probe  
  14  0:22  Pylon  
  14  0:25  Probe  
  15  0:36  Probe  
  16  0:44  Probe  
  16  0:47  Assimilator  
  17  0:50  Gateway  
  17  0:52  Probe  
  18  1:00  Probe, Pylon  
  18  1:08  Probe  
  20  1:20  Probe  
  21  1:38  Zealot  
  21  1:39  Probe  
  22  1:40  Cybernetics Core  
  22  1:41  Gateway  
  24  1:50  Pylon  
  24  1:51  Probe  
  25  1:57  Zealot  
  25  2:03  Probe  
  28  2:12  Assimilator  
  28  2:15  Probe  
  29  2:21  Adept  
  29  2:25  Adept  
  29  2:27  Probe  
  34  2:31  Warp Gate  
  34  2:38  Pylon  
  34  2:39  Probe  
  34  2:44  Adept  
  36  2:51  Probe  
  36  2:56  Sentry  
  39  3:03  Probe  
  40  3:15  Probe  
  41  3:22  Nexus  
  41  3:27  Probe  
  41  3:30  Stalker  
  44  3:40  Probe  
  45  3:49  Robotics Facility  
  45  3:52  Probe  
  46  4:01  Probe  
  46  4:06  Pylon  
  47  4:22  Probe  
  47  4:24  Adept  
  47  4:29  Adept  
  52  4:34  Probe x2  
  54  4:41  Adept  
  56  4:46  Probe x2  
  56  4:50  Robotics Bay  
  56  4:52  Observer  
  58  4:58  Probe x2  
  61  5:03  Robotics Facility  
  61  5:10  Probe x2  
  61  5:12  Pylon  
  61  5:13  Stalker  
  65  5:17  Stalker  
  67  5:23  Probe x2  
  67  5:24  Pylon  
  69  5:35  Probe  
  70  5:38  Colossus  
  76  5:45  Probe, Stalker  
  76  5:46  Assimilator  
  79  5:54  Twilight Council  
  79  5:56  Pylon  
  79  6:00  Assimilator  
  79  6:07  Probe  
  79  6:09  Probe  
  79  6:10  Gateway  
  81  6:15  Zealot  
  71  6:20  Zealot  
  71  6:21  Probe  
  63  6:34  Dark Shrine  
  61  6:41  Adept  
  46  6:48  Zealot  
  33  7:01  Adept  
  33  7:05  Zealot  
  27  7:09  Stalker  
Tags
 
Add a new tag
Caveats
  • Supply blocks, unpowered buildings, or Contaminate may cause inaccurate times.
  • Supply counts are checked every 10 seconds.